 Seeded DCSS version 0.32-a0-909-gc671339a80 (webtiles) character file.

Game seed: 17073724502869601980 (custom seed)

3109 timneilson the Ruffian (level 9, 0/63 HPs)
             Began as an Octopode Shapeshifter on Apr 6, 2024.
             Was an Initiate of Gozag.
             Slain by a yak (15 damage)
             ... on level 8 of the Dungeon.
             The game lasted 00:16:35 (8509 turns).

timneilson the Ruffian (Octopode Shapeshifter)      Turns: 8509, Time: 00:16:35

Health: 0/63       AC:  5    Str: 18    XL:     9   Next: 91%
Magic:  9/9        EV: 15    Int: 18    God:    Gozag
Gold:   272        SH:  5    Dex: 17    Spells: 8/8 levels left

rFire   x .          .
                       - Unarmed
rCold   . . .        (no shield)
rNeg    + + .        (helmet currently unavailable)
rPois   +            D - amulet of Ephemeral Luck {Reflect rPois rF- rN++ Dex+3 Slay+3 SH+5}
rElec   .            v - +4 ring of protection
rCorr   +            d - ring of Qiburup {Dex+3 SInv}
SInv    +            p - ring of resist corrosion
Will    .....        C - +6 ring of intelligence
Stlth   ++++         (no ring)
HPRegen 0.30/turn    (no ring)
MPRegen 0.11/turn    (no ring)
                     (no ring)

%: reflection
@: mighty, beast-form, gold aura, studying Fighting
A: beast (slay +3), almost no armour, amphibious, 8 rings, camouflage 1,
gelatinous body 1, (nimble swimmer 1), tentacles
a: Begin Untransformation, Renounce Religion, Potion Petition, Call Merchant,
Bribe Branch


You were on level 8 of the Dungeon.
You worshipped Gozag.
Gozag was aware of your devotion.
You were a hulking beast.
You visited 2 branches of the dungeon, and saw 9 of its levels.

You collected 1163 gold pieces.
You spent 826 gold pieces at shops.
You paid 65 gold pieces to Gozag.

Inventory:

Missiles
 r - 2 throwing nets
 x - 10 poisoned darts (quivered)
Armour
 j - a +2 hat
Jewellery
 d - the ring of Qiburup (right tentacle) {Dex+3 SInv}
   (You acquired it on level 1 of the Dungeon)

   [ring of see invisible]

   Dex+3:     It affects your dexterity (+3).
   SInv:      It lets you see invisible.
 p - a ring of resist corrosion (on tentacle)
 v - a +4 ring of protection (left tentacle)
 C - a +6 ring of intelligence (on tentacle)
 D - the amulet of Ephemeral Luck (around mantle) {Reflect rPois rF- rN++ Dex+3 Slay+3 SH+5}
   (You bought it in a shop on level 8 of the Dungeon)

   [amulet of reflection]

   Reflect:   It reflects blocked missile attacks.
   Dex+3:     It affects your dexterity (+3).
   Slay+3:    It affects your accuracy & damage with ranged weapons and melee
   (+3).
   rF-:       It makes you vulnerable to fire.
   rPois:     It protects you from poison.
   rN++:      It greatly protects you from negative energy.
   SH+5:      It affects your SH (+5).
Talismans
 b - a beast talisman (active)
 c - a flux talisman
 g - a granite talisman
 t - a dragon-blood talisman
Wands
 l - a wand of roots (19)
 m - a wand of quicksilver (10)
 u - a wand of flame (17)
 z - a wand of mindburst (8)
Scrolls
 k - 2 scrolls of amnesia
 w - a scroll of fear
 y - a scroll of teleportation
 E - a scroll of poison {unknown}
Potions
 a - 3 potions of lignification
 e - a potion of mutation {unknown}
 f - a potion of haste {unknown}
 h - a potion of might
 i - 4 potions of curing {unknown}
 n - 2 potions of berserk rage
 o - a potion of degeneration {unknown}
 q - a potion of magic {unknown}
 s - a potion of ambrosia
 A - 2 potions of attraction
 B - a potion of enlightenment {unknown}


   Skills:
 + Level 6.5 Fighting
 * Level 6.6 Dodging
 + Level 6.2 Stealth
 * Level 7.1 Unarmed Combat
 + Level 4.3 Evocations
 * Level 6.5 Shapeshifting


You had 8 spell levels left.
You didn't know any spells.
Your spell library contained the following spells:

 Spells                   Type           Power      Damage    Failure   Level
 Sting                    Conj/Alch      0%         1d3       22%         1
 Mercury Vapours          Alch/Air       0%         N/A       32%         2
 Summon Ice Beast         Ice/Summ       0%         N/A       54%         3
 Volatile Blastmotes      Fire/Tloc      0%         2d10      54%         3
 Fulminant Prism          Conj/Alch      0%         3d5       91%         4
 Iskenderun's Mystic Bla Conj/Tloc 0%             2d3        (+2d1     91%         4
 Olgreb's Toxic Radiance  Alch           0%         N/A       91%         4
 Summon Mana Viper        Hex/Summ       0%         N/A       99%         5
 Monstrous Menagerie      Summ           0%         N/A       100%        7


Dungeon Overview and Level Annotations

Branches:
Dungeon (8/15)             Temple (1/1) D:5
   Lair: D:8-11

Altars:
Ashenzari
Cheibriados
Dithmenos
Elyvilon
Fedhas
Gozag
Hepliaklqana
Kikubaaqudgha
Makhleb
Nemelex Xobeh
Okawaru
Qazlal
Ru
Sif Muna
Trog
Uskayaw
Vehumet
Wu Jian
Xom
Yredelemnul
Zin
The Shining One

Shops:
D:8 =


Innate Abilities, Weirdness & Mutations

You are a hulking beast.
Your limbs bulge with bestial killing power. (Slay +3)
You cannot wear most types of armour.
You are amphibious.
You can wear up to eight rings at the same time.
Your skin changes colour to match your surroundings (Stealth+).
Your rubbery body absorbs attacks. (AC +1, EV +1)
((You are camouflaged when in or above water. (Stealth+)))
You have tentacles for arms and can constrict up to eight enemies at once.


Message History

You bludgeon the yak!
The yak is moderately wounded.
The yak gores you but does no damage.
You bludgeon the yak! You tentacle-slap the yak!
The yak is almost dead.
You bludgeon the yak!
You kill the yak!
The yak gores you but does no damage.
You tentacle-slap the yak. Your squeeze misses the yak.
The yak is lightly wounded.
The yak barely misses you.
You bludgeon the yak!
The yak is moderately wounded.
The yak barely misses you. You block the yak's attack.
You tentacle-slap the yak.
The yak is lightly wounded.
A yak comes into view.
You block the yak's attack.
The yak bellows!
You tentacle-slap the yak but do no damage.
Your squeeze misses the yak.
The yak is lightly wounded.
The yak gores you!
The yak bellows!
You bludgeon the yak!
The yak is heavily wounded.
The yak completely misses you. The yak gores you!
You barely miss the yak. Your squeeze misses the yak.
The yak is heavily wounded.
You block the yak's attack. The yak gores you.
Unknown command.
The orc shouts!
You tentacle-slap the yak.
The yak is severely wounded.
The yak gores you! x2
* * * LOW HITPOINT WARNING * * *
You feel very mighty all of a sudden. The yak gores you!
You die...
Your body crumbles into a pile of gold.

##...##### #........# #####
#........###
#...###..........#### #....#
#........###.### #
.....###.......# #....###### #.
.....>##.......###.....#...# #..
...........#....###........# ...
....#....#.##...hYoY......## ..o
..#......##.#.###Y....<...####..#
.##.....##...∩#..o....#...##..Y#
..............##....Y.....#.o..#
............####....).o......#...
............. #............##...
)............ ##....)....#.## ...
..##.##......##..........### #..
.....###..................#####..


You could see 4 yaks, an orc warrior and 2 orcs.

Vanquished Creatures
  Joseph (D:8)
  A yak (D:8)
  3 water moccasins
  An orc warrior (D:7)
  A black bear (D:6)
  An ogre (D:6)
  2 centaurs
  2 phantoms (D:5)
  2 scorpions (D:5)
  3 bullfrogs
  A gnoll sergeant (D:7)
  3 wights (D:7)
  3 killer bees (D:7)
  2 howler monkeys (D:7)
  8 orc priests
  3 hounds
  A gnoll bouda (D:8)
  2 sleepcaps
  3 iguanas
  5 orc wizards
  14 gnolls
  11 adders
  A shadow imp (D:8)
  A white imp (D:7)
  2 ufetubi (D:6)
  3 dart slugs
  35 orcs
  8 endoplasms
  5 giant cockroaches
  8 hobgoblins
  11 jackals
  4 quokkas
  3 ball pythons
  11 bats
  6 frilled lizards
  6 goblins
  9 kobolds
  5 rats
191 creatures vanquished.

Notes
Turn   | Place    | Note
-------+----------+-------------------------------------------
     0 | D:1      | timneilson the Octopode Shapeshifter began the quest for
                  | the Orb.
     0 | D:1      | Reached XP level 1. HP: 13/13 MP: 1/1
   125 | D:1      | Identified a scroll of acquirement
   125 | D:1      | Acquired the ring of Qiburup {Dex+3 SInv}
   228 | D:1      | Reached XP level 2. HP: 18/18 MP: 2/2
   688 | D:2      | Reached skill level 1 in Stealth
   822 | D:2      | Reached XP level 3. HP: 19/23 MP: 3/3
  1265 | D:2      | Reached XP level 4. HP: 22/28 MP: 4/4
  1689 | D:4      | Acquired a manual of Fighting
  1708 | D:5      | Entered Level 5 of the Dungeon
  1718 | D:5      | Found a staircase to the Ecumenical Temple.
  1726 | Temple   | Entered the Ecumenical Temple
  1745 | Temple   | Became a worshipper of Gozag Ym Sagoz the Greedy
  1863 | D:3      | Found a faded altar of an unknown god.
  2263 | D:3      | Found a radiant altar of Vehumet.
  2279 | D:3      | Reached XP level 5. HP: 34/34 MP: 5/5
  3200 | D:4      | Reached skill level 4 in Unarmed Combat
  3205 | D:4      | Reached skill level 1 in Evocations
  3444 | D:4      | Reached XP level 6. HP: 34/41 MP: 6/6
  4217 | D:5      | Reached XP level 7. HP: 38/46 MP: 7/7
  4528 | D:5      | Reached skill level 5 in Unarmed Combat
  4682 | D:5      | Reached XP level 8. HP: 24/54 MP: 8/8
  5208 | D:6      | Reached skill level 5 in Shapeshifting
  5363 | D:6      | Reached skill level 5 in Dodging
  6248 | D:7      | Reached skill level 5 in Fighting
  6484 | D:7      | Reached skill level 6 in Unarmed Combat
  6649 | D:7      | Found a shimmering blue altar of Sif Muna.
  6664 | D:7      | Found an iron altar of Okawaru.
  6775 | D:7      | Reached skill level 5 in Stealth
  6775 | D:7      | Reached XP level 9. HP: 30/61 MP: 9/9
  7548 | D:7      | Found a broken altar of Ashenzari.
  7934 | D:8      | Found a stormy altar of Qazlal.
  7934 | D:8      | Found a bloodstained altar of Trog.
  7934 | D:8      | Found an ornate altar of the Wu Jian Council.
  7963 | D:8      | Noticed Joseph
  8177 | D:8      | Found Idowidgh's Jewellery Emporium.
  8186 | D:8      | Bought the amulet of Ephemeral Luck {Reflect rPois rF- rN++
                  | Dex+3 Slay+3 SH+5} for 826 gold pieces
  8258 | D:8      | Killed Joseph
  8383 | D:8      | Reached skill level 7 in Unarmed Combat
  8424 | D:8      | Identified the +5 long sword of Fear {distort, rC+}
  8509 | D:8      | Slain by a yak

Illustrated notes

Levels and vault maps discovered:
D:1:      lightli_arrival_windingriver, layout_loops_ring
D:2:      layout_basic, dk_noncrumbling_3
D:3:      layout_loops_corners, mainiacjoe_overflow_boulevard,
          shapermc_ecumenical_altar_gd, minmay_misc_feat_alley, st_stairs_8
D:4:      layout_gridville, lemuel_flame_loot_1
D:5:      layout_basic, minmay_temple_entry_stoned_glass
D:6:      layout_basic, grunt_decor_mini_mirrors
D:7:      layout_loops_cross, mainiacjoe_overflow_six_doors_small,
          lemuel_round_altar, lemuel_blue_sif_altar
D:8:      layout_cave_pools, gammafunk_temple_overflow_claw, serial_shops, shop,
          hangedman_abyss_or_decor_passed, fungi_pond_lemuel, uniq_joseph
Temple:   nicolae_temple_superstar

Skill      XL: |  1  2  3  4  5  6  7  8  9 |
---------------+----------------------------+-----
Stealth        | 1 2 3 5 6 |  6.2
Dodging        | 3 4 5 6 |  6.6
Fighting       | 2 3 4 5 6 |  6.5
Unarmed Combat | 4 5 6 7 |  7.1
Evocations     | 1 2 3 4 |  4.3
Shapeshifting  | 4 5 6 |  6.5

Action                     |  1- 3 |  4- 6 |  7- 9 || total
---------------------------+-------+-------+-------++-------
  Melee: Unarmed           |    66 |   102 |   203 ||   371
         Constrict         |    20 |    33 |    62 ||   115
         Tentacles         |    10 |    22 |    49 ||    81
         Punch             |       |     3 |    16 ||    19
  Evoke: Wand              |       |       |     2 ||     2
    Use: Scroll            |     3 |     6 |     8 ||    17
         Potion            |       |       |     3 ||     3
   Stab: Sleeping          |     8 |    16 |     8 ||    32
         Distracted        |       |     1 |     2 ||     3
 Armour: Skin              |    24 |    34 |    93 ||   151
  Dodge: Dodged            |    31 |    47 |   116 ||   194
  Block: Other             |       |       |     7 ||     7
         Reflection        |       |       |     2 ||     2

Table legend: (Time is in decaauts)
 A = Elapsed time spent in this place.
 B = Non-inter-level travel time spent in this place.
 C = Inter-level travel time spent in this place.
 D = Time resting spent in this place.
 E = Time spent auto-exploring this place.
 F = Levels seen in this place.
 G = Mean time per level.
                   A        B        C        D        E       F      G
               +--------+--------+--------+--------+--------+-----+--------+
         Total |   8480 |   8256 |    224 |   1377 |   4685 |   9 |  942.2 |
       Dungeon |   8441 |   8235 |    206 |   1377 |   4685 |   8 | 1055.1 |
        Temple |     38 |     20 |     18 |      0 |      0 |   1 |   38.0 |
               +--------+--------+--------+--------+--------+-----+--------+

Top non-repeatable levels by time:
     D:7: 1597 daAuts
     D:4: 1359 daAuts
     D:6: 1305 daAuts
     D:3: 991 daAuts
     D:2: 971 daAuts
     D:5: 928 daAuts
     D:8: 647 daAuts
     D:1: 640 daAuts
  Temple: 38 daAuts
